 Dungeon Crawl Stone Soup version 0.30.1-9-gdf580d7c3d (webtiles) character file.

Game seed: 13939665374008605904

2 safid the Chiller (level 1, 0/13 HPs)
             Began as a Merfolk Ice Elementalist on Oct 2, 2023.
             Slain by a giant cockroach (2 damage)
             ... on level 1 of the Dungeon.
             The game lasted 00:00:18 (122 turns).

safid the Chiller (Merfolk Ice Elementalist)         Turns: 122, Time: 00:00:18

Health: 0/13       AC:  2    Str:  8    XL:     1   Next: 30%
Magic:  0/3        EV: 12    Int: 14    God:
Gold:   19         SH:  0    Dex: 14    Spells: 3/4 levels left

rFire   . . .        (no weapon)
rCold   . . .        (no shield)
rNeg    . . .        a - +0 robe
rPois   .            (no helmet)
rElec   .            (no cloak)
rCorr   .            (no gloves)
SInv    .            (no boots)
Will    .....        (no amulet)
Stlth   ++           (no ring)
HPRegen 0.22/turn    (no ring)
MPRegen 0.08/turn

%: no passive effects
@: no status effects
A: (nimble swimmer 2), mertail
a: no special abilities


You were on level 1 of the Dungeon.
You visited 1 branch of the dungeon, and saw 1 of its levels.

You collected 19 gold pieces.

Inventory:

Armour
 a - a +0 robe (worn)
Scrolls
 c - a scroll of enchant armour {unknown}
Potions
 b - a potion of magic


   Skills:
 + Level 0.2 Fighting
 - Level 2.6 Dodging
 - Level 2.1 Stealth
 + Level 2.0 Spellcasting
 + Level 4.4 Ice Magic


You had 3 spell levels left.
You knew the following spells:

 Your Spells              Type           Power      Damage    Failure   Level
a - Freeze                Ice            52%        1d6       3%          1

Your spell library contained the following spells:

 Spells                   Type           Power      Damage    Failure   Level
 Frozen Ramparts          Ice            26%        1d4       12%         3
 Ozocubu's Armour         Ice            13%        N/A       12%         3
 Volatile Blastmotes      Fire/Tloc      2%         2d10      56%         3
 Summon Ice Beast         Ice/Summ       7%         N/A       67%         4
 Fulminant Prism          Conj/Hex       0%         3d5       93%         4
 Iskenderun's Mystic Bla  Conj/Tloc      1%         2d3       93%         4
 Lee's Rapid Deconstruct  Erth           0%         3d4*      100%        5


Dungeon Overview and Level Annotations

Branches:
Dungeon (1/15)

Altars:


Innate Abilities, Weirdness & Mutations

((You are very nimble when in or above water. (Stealth+, EV+, Speed+++)))
Your lower body shifts to a powerful aquatic tail in water.


Message History

The hobgoblin hits you but does no damage.
You barely miss the hobgoblin.
The giant cockroach bites you but does no damage.
The hobgoblin hits you.
You hit the hobgoblin but do no damage. The giant cockroach closely misses you.
The hobgoblin closely misses you.
The giant cockroach bites you but does no damage.
You hit the hobgoblin.
The hobgoblin is moderately wounded.
The hobgoblin closely misses you.
The giant cockroach bites you but does no damage.
You closely miss the hobgoblin.
The hobgoblin is moderately wounded.
The giant cockroach bites you. The hobgoblin barely misses you.
You hit the hobgoblin but do no damage.
The hobgoblin is lightly wounded.
The giant cockroach bites you but does no damage.
The hobgoblin closely misses you.
You barely miss the hobgoblin.
The hobgoblin is lightly wounded.
The giant cockroach bites you but does no damage.
The hobgoblin hits you but does no damage.
Casting: Freeze (safe; 3% risk of failure)
Confirm with . or Enter, or press ? or * to list all spells.
Aiming: Freeze (safe; 3% risk of failure)
Press: ? - help, Shift-Dir - straight line, f - giant cockroach
Aim: a giant cockroach You freeze the giant cockroach.
The giant cockroach is almost dead.
The giant cockroach bites you. The hobgoblin hits you.
* * * LOW HITPOINT WARNING * * *
The giant cockroach closely misses you.
You hit the hobgoblin but do no damage.
The hobgoblin is lightly wounded.
The hobgoblin hits you but does no damage.
The giant cockroach bites you but does no damage.
You barely miss the hobgoblin.
The hobgoblin is lightly wounded.
The giant cockroach bites you.
You die...

#........######
#.......)# #........#
#........##########
#.................# #
#######+#########.#.#
...#.#.#.###
#B#........
#.@g#.#.### #.#!#.#
###.# # #.# #.# ..#
###


You could see a giant cockroach and a hobgoblin.

Vanquished Creatures
  2 ball pythons (D:1)
  A frilled lizard (D:1)
3 creatures vanquished.

Notes
Turn   | Place    | Note
-------+----------+-------------------------------------------
     0 | D:1      | safid the Merfolk Ice Elementalist began the quest for the
                  | Orb.
     0 | D:1      | Reached XP level 1. HP: 13/13 MP: 3/3
   122 | D:1      | Slain by a giant cockroach

Illustrated notes

Levels and vault maps discovered:
D:1:      lemuel_arrival_muddy, layout_basic, serial_shops, nicolae_shop_stone

Action                     || total
---------------------------++-------
  Melee: Unarmed           ||    13
   Cast: Freeze            ||     7
 Armour: Robe              ||    15
  Dodge: Dodged            ||    14
